 Dungeon Crawl Stone Soup version 0.23.2-40-g277498a001 (webtiles) character file.

Game seed: 789438709498862150

7970 Aggronaut the Severer (level 11, -8/82 HPs)
             Began as a Black Draconian Berserker on Sept 27, 2019.
             Was an Elder of Trog.
             Mangled by a troll (10 damage)
             ... on level 11 of the Dungeon.
             The game lasted 00:28:08 (9607 turns).

Aggronaut the Severer (Black Draconian Berserker)   Turns: 9607, Time: 00:28:09

Health: -8/82      AC: 10    Str: 28    XL:     11   Next: 3%
Magic:  11/11      EV: 13    Int:  7    God:    Trog [****..]
Gold:   744        SH: 11    Dex: 16    Spells: 10/10 levels left

rFire    . . .     SeeInvis .   v - +0 war axe
rCold    . . .     Gourm    .   t - +0 buckler
rNeg     . . .     Faith    .   (armour unavailable)
rPois    .         Spirit   .   (helmet restricted)
rElec    +         Reflect  +   x - +1 cloak
rCorr    .         Harm     .   B - +0 pair of gloves
MR       .....                  (no boots)
Stlth    +.........             f - +6 amulet of reflection
HPRegen  0.23/turn              h - +6 ring of strength
MPRegen  0.12/turn              N - +4 ring of dexterity

@: no status effects
A: breathe lightning, unfitting armour, electricity resistance, cold-blooded, AC
+7
a: Breathe Lightning, Berserk, Trog's Hand, Brothers in Arms, Renounce Religion


You were on level 11 of the Dungeon.
You worshipped Trog.
Trog was greatly pleased with you.
You were not hungry.

You visited 1 branch of the dungeon, and saw 11 of its levels.

You collected 744 gold pieces.

Inventory:

Hand Weapons
 g - a +0 battleaxe
 v - a +0 war axe (weapon)
Armour
 t - a +0 buckler (worn)
 x - a +1 cloak (worn)
 B - a +0 pair of gloves (worn)
Jewellery
 f - a +6 amulet of reflection (around neck)
 h - a +6 ring of strength (left hand)
 n - an uncursed ring of positive energy
 N - a +4 ring of dexterity (right hand)
Wands
 a - a wand of random effects (15)
 q - a wand of paralysis (16)
 u - a wand of iceblast (7)
 J - a wand of polymorph (7)
Scrolls
 c - 2 scrolls of remove curse
 e - a scroll of enchant weapon {unknown}
 m - a scroll of amnesia {unknown}
 p - a scroll of brand weapon {unknown}
 r - 2 scrolls of magic mapping {unknown}
 w - 3 scrolls of enchant armour
 y - a scroll of random uselessness {unknown}
 z - a scroll of vulnerability {unknown}
 C - 2 scrolls of noise {unknown}
 D - a scroll of summoning {unknown}
 F - a scroll of fear
 L - a scroll of blinking
 M - a scroll of fog {unknown}
Potions
 d - a potion of ambrosia
 i - 4 potions of haste
 k - 4 potions of curing
 l - a potion of mutation
 o - 4 potions of cancellation
 s - 2 potions of resistance
 A - a potion of agility
 E - a potion of flight
 G - 2 potions of lignification {unknown}
 H - 2 potions of brilliance {unknown}
 I - a potion of magic
 K - a potion of degeneration {unknown}
Comestibles
 b - 17 rations


   Skills:
 - Level 3.2 Fighting
 * Level 15.7 Axes
 - Level 2.8 Dodging
 - Level 4.1 Shields


You had 10 spell levels left.
You didn't know any spells.
Your spell library contained the following spells:

 Spells                   Type           Power        Failure   Level  Hunger
 Summon Small Mammal      Summ           #...         43%         1    ##.....
 Call Imp                 Summ           #.......     56%         2    ###....
 Call Canine Familiar     Summ           #.......     80%         3    ####...
 Summon Guardian Golem    Hex/Summ       #.......     80%         3    ####...
 Summon Ice Beast         Ice/Summ       #.......     99%         4    #####..
 Summon Lightning Spire   Summ/Air       #.......     99%         4    #####..


Dungeon Overview and Level Annotations

Branches:
Dungeon (11/15)            Temple (0/1) D:6
   Lair: D:8-11         Orc: D:9-12

Altars:
Cheibriados
Fedhas
Kikubaaqudgha
Okawaru
Qazlal
Trog
Vehumet
Wu Jian
Xom
Yredelemnul


Innate Abilities, Weirdness & Mutations

You can breathe wild blasts of lightning.
Your glossy black scales are hard. (AC +7)
You cannot fit into any form of body armour.
You are resistant to electric shocks. (rElec)
You are cold-blooded and may be slowed by cold attacks.


Message History

You start resting.
A bullfrog zombie comes into view.
The troll shouts!
Found a runed jade ring.
You closely miss the troll. The troll closely misses you.
You block the troll's attack. The troll claws you!
You slash the troll!
The troll is heavily wounded.
You slash the bullfrog zombie! You block the bullfrog zombie's attack.
You slash the troll!
The troll is severely wounded.
You slash the bullfrog zombie! The troll bites you. The troll claws you! x2
* * * LOW HITPOINT WARNING * * *
You hit the troll.
The troll is almost dead.
You hit the bullfrog zombie. You block the bullfrog zombie's attack.
The troll bites you!
* * * LOW HITPOINT WARNING * * *
The troll claws you!
You die...

%.... #### ####
###...# ## .....
#.. #... #.# # # #
... ##.###.#. ..
#.= #....... .
#.#.#..##..##.##.#
#.....Z#...[.....#
......T@.#....#
..##.#.#....#
#.####.# #. .# #.
.# .. .# .. .. ..
.# .^


You could see a troll and a bullfrog zombie.

Vanquished Creatures
  A two-headed ogre (D:8)
  Pikel (D:4)
  Grinder (D:6)
  Prince Ribbit (D:5)
  2 hippogriffs
  3 wyverns
  Eustachio (D:4)
  Menkaure (D:5)
  Edmund (D:5)
  3 orc warriors
  2 black bears
  A sky beast (D:7)
  2 ice beasts (D:8)
  6 phantoms
  2 necrophages (D:9)
  5 centaurs
  Blork the orc (D:4)
  A crocodile (D:7)
  3 bullfrogs
  5 scorpions
  6 killer bees (D:8)
  2 howler monkeys (D:9)
  4 crimson imps
  A quasit (D:9)
  A centaur zombie (D:8)
  3 hounds
  5 jellies
  A centaur skeleton (D:4)
  3 orc priests
  5 orc wizards
  5 iguanas
  10 worker ants
  A killer bee zombie (D:7)
  A hound zombie (D:5)
  A howler monkey zombie (D:6)
  A gnoll (D:9)
  10 adders
  4 shadow imps
  An ooze (D:6)
  An adder skeleton (D:2)
  An adder zombie (D:2)
  3 worms
  4 leopard geckos
  23 orcs
  10 bats
  8 giant cockroaches
  6 goblins
  2 hobgoblins
  10 jackals
  6 kobolds
  6 quokkas
  A ball python (D:2)
  8 frilled lizards
  A giant cockroach zombie (D:2)
  A jackal skeleton (D:7)
  3 leopard gecko skeletons
  2 quokka skeletons
  8 rats
212 creatures vanquished.

Vanquished Creatures (collateral kills)
  2 death yaks (D:11)
  A gargoyle (D:9)
  An ogre (D:9)
  A bullfrog (D:11)
  A gnoll sergeant (D:9)
  A crimson imp (D:9)
  A quasit (D:11)
  An orc wizard (D:9)
  2 gnolls (D:9)
  An adder (D:9)
12 creatures vanquished.

Vanquished Creatures (others)
  An orc (D:4)
1 creature vanquished.

Grand Total: 225 creatures vanquished

Notes
Turn   | Place    | Note
-------+----------+-------------------------------------------
     0 | D:1      | Aggronaut the Draconian Berserker began the quest for the
                  | Orb.
     0 | D:1      | Reached XP level 1. HP: 19/19 MP: 1/1
   178 | D:1      | Reached XP level 2. HP: 25/26 MP: 2/2
   467 | D:1      | Reached skill level 4 in Axes
   564 | D:1      | Reached ** piety under Trog
   650 | D:1      | Reached XP level 3. HP: 28/31 MP: 3/3
  1324 | D:2      | Reached XP level 4. HP: 38/38 MP: 4/4
  1330 | D:2      | Reached skill level 5 in Axes
  2612 | D:4      | Reached XP level 5. HP: 32/45 MP: 5/5
  2623 | D:4      | Reached skill level 6 in Axes
  2728 | D:4      | Noticed Blork the orc
  2745 | D:4      | Killed Blork the orc
  2745 | D:4      | Reached XP level 6. HP: 51/51 MP: 6/6
  2850 | D:4      | Reached skill level 7 in Axes
  3059 | D:4      | Noticed Eustachio
  3073 | D:4      | Killed Eustachio
  3073 | D:4      | Reached skill level 8 in Axes
  3073 | D:4      | Your scales start taking on a glossy black colour.
  3073 | D:4      | Reached XP level 7. HP: 48/57 MP: 7/7
  3073 | D:4      | Gained mutation: You are resistant to electric shocks.
                  | (rElec) [Black Draconian growth]
  3158 | D:4      | Noticed Pikel
  3159 | D:4      | Killed Pikel
  3159 | D:4      | Reached *** piety under Trog
  3159 | D:4      | Reached skill level 9 in Axes
  3159 | D:4      | Reached XP level 8. HP: 57/63 MP: 8/8
  3161 | D:4      | Reached skill level 10 in Axes
  3440 | D:5      | Entered Level 5 of the Dungeon
  3440 | D:5      | Noticed Menkaure
  3449 | D:5      | Killed Menkaure
  3579 | D:5      | Found a shimmering altar of Xom.
  3579 | D:5      | Found a bloodstained altar of Trog.
  3690 | D:5      | Noticed Edmund
  3699 | D:5      | Killed Edmund
  3719 | D:5      | Reached skill level 11 in Axes
  3952 | D:5      | Noticed Prince Ribbit
  3977 | D:5      | Killed Prince Ribbit
  4650 | D:6      | Reached XP level 9. HP: 70/70 MP: 9/9
  4863 | D:6      | Reached skill level 12 in Axes
  4863 | D:6      | Reached skill level 1 in Shields
  4945 | D:6      | Reached **** piety under Trog
  5044 | D:6      | Noticed Grinder
  5044 | D:6      | Paralysed by Grinder for 2 turns
  5056 | D:6      | Killed Grinder
  5145 | D:6      | Found an iron altar of Okawaru.
  5269 | D:6      | Found a staircase to the Ecumenical Temple.
  5754 | D:7      | Found an ornate altar of the Wu Jian Council.
  5790 | D:7      | Found a radiant altar of Vehumet.
  5828 | D:7      | Found a basalt altar of Yredelemnul.
  6351 | D:8      | Reached skill level 13 in Axes
  6534 | D:8      | Found an ancient bone altar of Kikubaaqudgha.
  6534 | D:8      | Found a stormy altar of Qazlal.
  6534 | D:8      | Found a snail-covered altar of Cheibriados.
  6624 | D:8      | Noticed a two-headed ogre
  6631 | D:8      | Killed a two-headed ogre
  6631 | D:8      | Reached XP level 10. HP: 72/77 MP: 10/10
  7160 | D:8      | Reached skill level 14 in Axes
  7595 | D:9      | Found a bloodstained altar of Trog.
  7751 | D:9      | Noticed a gargoyle
  7789 | D:9      | Killed a gargoyle
  8104 | D:9      | Reached skill level 15 in Axes
  8373 | D:9      | Found a blossoming altar of Fedhas.
  8655 | D:10     | Entered Level 10 of the Dungeon
  9410 | D:11     | Noticed a death yak
  9431 | D:11     | Noticed a death yak
  9433 | D:11     | Noticed a death yak
  9434 | D:11     | Noticed a death yak
  9438 | D:11     | Noticed a death yak
  9438 | D:11     | Noticed a death yak
  9439 | D:11     | Killed a death yak
  9447 | D:11     | Killed a death yak
  9447 | D:11     | Reached XP level 11. HP: 80/82 MP: 11/11
  9607 | D:11     | HP: 2/82 [troll (15)]
  9607 | D:11     | Mangled by a troll

Skill      XL: |  1  2  3  4  5  6  7  8  9 10 |
---------------+-------------------------------+-----
Axes           | 4 5 6 8 9 11 13 15 | 15.7
Shields        | 4 |  4.1
Fighting       | |  3.2
Dodging        | |  2.8

Action                   |  1- 3 |  4- 6 |  7- 9 | 10-12 || total
-------------------------+-------+-------+-------+-------++-------
Melee: Hand axe          |   156 |    90 |       |       ||   246
       Tailslap          |    16 |    17 |    28 |    35 ||    96
       Battleaxe         |       |    46 |    12 |       ||    58
       War axe           |       |       |   259 |   243 ||   502
Invok: Berserk           |     3 |     2 |     5 |     2 ||    12
       Trog's Hand       |     2 |     2 |     2 |       ||     6
       Brothers in Arms  |       |       |       |     4 ||     4
 Abil: Breathe Lightning |       |       |     4 |     5 ||     9
Evoke: Wand              |       |       |     4 |       ||     4
  Use: Scroll            |     1 |     4 |     7 |     7 ||    19
       Potion            |     1 |       |       |     1 ||     2
 Stab: Sleeping          |     1 |       |       |     1 ||     2
       Paralysed         |       |       |     2 |       ||     2
       Distracted        |       |       |       |     3 ||     3
  Eat: Chunk             |     3 |     7 |    17 |     9 ||    36
       Ration            |       |     1 |       |     2 ||     3
Armor: Skin              |    77 |    45 |    55 |    46 ||   223
Dodge: Dodged            |   140 |    83 |   108 |    74 ||   405
Block: Other             |       |    10 |    19 |       ||    29
       Buckler           |       |       |    90 |    95 ||   185
       Reflection        |       |       |     5 |     3 ||     8
